 Dungeon Crawl Stone Soup version 0.30-a0-600-gb7c8574cbb (webtiles) character file.

Game seed: 8338018834874261323

4438 Grim the Fighter (level 10, 0/115 HPs)
             Began as an Ogre Berserker on Jan 7, 2023.
             Was a Priest of Trog.
             Slain by a troll (12 damage)
             ... on level 7 of the Dungeon.
             The game lasted 00:09:17 (7356 turns).

Grim the Fighter (Ogre Berserker)                   Turns: 7356, Time: 00:09:17

Health: 0/115      AC:  3    Str: 23    XL:     10   Next: 36%
Magic:  10/10      EV: 14    Int:  8    God:    Trog [***...]
Gold:   533        SH:  0    Dex: 17    Spells: 9/9 levels left

rFire   . . .      SeeInvis .    q - +9 war axe "Doqil" {heavy, *Slow rF+ rC++ Stlth+}
rCold   + + .      Faith    .    (no shield)
rNeg    . . .      Spirit   .    L - +0 robe of Dust Devil {Dex+2}
rPois   +          Reflect  .    (helmet restricted)
rElec   .          Harm     .    (no cloak)
rCorr   .          Rampage  .    (gloves unavailable)
Will    ++++.                    (boots unavailable)
Stlth   +++                      (no amulet)
HPRegen 1.39/turn                s - ring of Agnosticism {rPois rF- Dex+3}
MPRegen 0.12/turn                E - ring of willpower

@: strong-willed, regenerating
A: large, unfitting armour, tough skin 1
a: Renounce Religion, Berserk, Trog's Hand


You were on level 7 of the Dungeon.
You worshipped Trog.
Trog was most pleased with you.
You visited 1 branch of the dungeon, and saw 7 of its levels.

You collected 533 gold pieces.

Inventory:

Hand Weapons
 a - a +0 mace
 q - the +9 war axe "Doqil" (weapon) {heavy, *Slow rF+ rC++ Stlth+}
   (You found it on level 3 of the Dungeon)

   rF:        It protects you from fire.
   rC:        It greatly protects you from cold.
   *Slow:     It may slow you when you take damage.
   Stlth:     It makes you more stealthy.
Missiles
 f - a throwing net (quivered)
 r - 6 javelins
 y - 12 poisoned darts
 D - a curare-tipped dart
Armour
 b - a +0 animal skin
 L - the +0 robe of Dust Devil (worn) {Dex+2}
   (You found it on level 7 of the Dungeon)

   Dex:       It affects your dexterity (+2).
Jewellery
 s - the ring of Agnosticism (left hand) {rPois rF- Dex+3}
   (You took it off a hobgoblin on level 3 of the Dungeon)

   [ring of poison resistance]

   Dex:       It affects your dexterity (+3).
   rF:        It makes you vulnerable to fire.
   rPois:     It protects you from poison.
 E - a ring of willpower (right hand)
 F - an amulet of magic regeneration
 H - a +6 ring of dexterity
 J - a ring of ice
 K - a ring of poison resistance
Wands
 v - a wand of light (5)
 B - a wand of polymorph (7)
 C - a wand of mindburst (12)
 G - a wand of roots (4)
 I - a wand of charming (5)
Scrolls
 d - a scroll of identify
 g - 2 scrolls of amnesia {unknown}
 h - 2 scrolls of enchant armour {unknown}
 i - 6 scrolls of teleportation
 j - 3 scrolls of noise {unknown}
 o - a scroll of blinking {unknown}
 u - 2 scrolls of torment {unknown}
 w - 2 scrolls of enchant weapon {unknown}
 z - 3 scrolls of poison {unknown}
Potions
 c - 2 potions of cancellation
 e - 2 potions of berserk rage
 k - a potion of attraction
 l - 2 potions of ambrosia
 m - a potion of resistance {unknown}
 n - 4 potions of curing
 p - a potion of brilliance {unknown}
 t - 3 potions of flight
 x - a potion of heal wounds {unknown}
 A - a potion of haste {unknown}


   Skills:
 + Level 11.7 Fighting
 + Level 8.2(8.6) Axes
 - Level 3.4(5.9) Maces & Flails
 + Level 8.4 Dodging


You had 9 spell levels left.
You didn't know any spells.
Your spell library was empty.

Dungeon Overview and Level Annotations

Branches:
Dungeon (7/15)             Temple (0/1) D:5

Altars:
Fedhas
Hepliaklqana
Trog
The Shining One

Shops:
D:2 :

Annotations:
D:7 1 runed translucent door


Innate Abilities, Weirdness & Mutations

You are too large for most types of armour.
You have tough skin. (AC +1)


Message History

The troll shouts!
There is a stone staircase leading up here.
You slash the troll!
The troll is moderately wounded.
The troll closely misses you.
The troll claws you! x2; The troll bites you.
The troll barely misses you. x2
You hit the troll.
The troll is moderately wounded.
The troll closely misses you. The troll claws you but does no damage.
The troll claws you.
You barely miss the troll.
The troll is moderately wounded.
The troll misses you. The troll claws you. The troll misses you.
The troll completely misses you. The troll claws you!
The troll claws you but does no damage.
You barely miss the troll.
The troll is lightly wounded.
The troll bites you!
* * * LOW HITPOINT WARNING * * *
The troll claws you!
* * * LOW HITPOINT WARNING * * *
The troll claws you!
* * * LOW HITPOINT WARNING * * *
The troll closely misses you. The troll claws you!
* * * LOW HITPOINT WARNING * * *
The troll claws you!
* * * LOW HITPOINT WARNING * * *
You are too injured to fight recklessly!
You are too injured to fight recklessly!
Okay, then.
Okay, then.
There is a stone staircase leading up here.
Your skin crawls.
You feel strong-willed. The troll bites you.
* * * LOW HITPOINT WARNING * * *
The troll barely misses you. The troll claws you!
* * * LOW HITPOINT WARNING * * *
You feel better. The troll bites you!
You die...

##.#.##.##.##....###....###
..###[#.#.###..###.)......####
########...#####.).#.)##.....##
.##.........##...###)###......###
..#.#.#.#.#.#....# #.....####....
..##.#.#.#.##....# ####### #####
...#.......#.....# .
#..##.....##.#...# ...
#...#.#.#.#..#.T@##.....
##..##.#.##))...........
#..#...#..#######..... #.##.##.##
.... #..#.#T.# ...
#..#'#.#######. ##
#...#.......... #.#.#..########
####......#


You could see a troll.

Vanquished Creatures
  2 ugly things (D:7)
  A manticore (D:7)
  A cyclops (D:7)
  A vampire (D:7)
  A vampire mosquito (D:7)
  2 water moccasins
  4 black bears
  An orc warrior (D:6)
  3 ogres
  A centaur (D:5)
  A kobold brigand (D:7)
  4 scorpions
  A gnoll sergeant (D:5)
  A necrophage (D:7)
  6 killer bees (D:7)
  A howler monkey (D:6)
  3 hounds
  5 orc priests
  4 jellies
  2 gnoll boudas (D:6)
  An iguana (D:5)
  4 orc wizards
  13 gnolls
  8 adders
  A shadow imp (D:4)
  5 white imps
  2 ufetubi
  2 worms (D:2)
  4 dart slugs
  13 orcs
  5 ball pythons
  5 endoplasms
  A giant cockroach (D:4)
  8 goblins
  4 hobgoblins
  8 jackals
  13 kobolds
  2 quokkas
  4 bats
  A frilled lizard (D:1)
  11 rats
160 creatures vanquished.

Notes
Turn   | Place    | Note
-------+----------+-------------------------------------------
     0 | D:1      | Grim the Ogre Berserker began the quest for the Orb.
     0 | D:1      | Reached XP level 1. HP: 24/24 MP: 1/1
   166 | D:1      | Reached XP level 2. HP: 32/32 MP: 2/2
   670 | D:2      | Found a faded altar of an unknown god.
   757 | D:2      | Reached XP level 3. HP: 32/40 MP: 3/3
  1347 | D:2      | Found Kiuvov's Book Shop.
  1666 | D:2      | Reached XP level 4. HP: 48/49 MP: 4/4
  1713 | D:2      | Reached ** piety under Trog
  1860 | D:3      | Reached skill level 5 in Fighting
  2115 | D:3      | Identified the +9 war axe "Doqil" {heavy, *Slow rF+ rC++
                  | Stlth+}
  2637 | D:3      | Identified the ring of Agnosticism {rPois rF- Dex+3}
  2887 | D:4      | Reached XP level 5. HP: 36/57 MP: 5/5
  2976 | D:4      | Reached skill level 1 in Axes
  3321 | D:4      | Noticed a black bear
  3326 | D:4      | Killed a black bear
  3327 | D:4      | Reached skill level 6 in Fighting
  3327 | D:4      | Reached XP level 6. HP: 67/67 MP: 6/6
  3438 | D:5      | Entered Level 5 of the Dungeon
  3696 | D:5      | Noticed a water moccasin
  3707 | D:4      | Reached XP level 7. HP: 36/76 MP: 7/7
  3838 | D:4      | Reached skill level 7 in Fighting
  3941 | D:4      | Reached skill level 5 in Dodging
  4261 | D:5      | Reached XP level 8. HP: 87/87 MP: 8/8
  4610 | D:5      | Reached skill level 8 in Fighting
  4641 | D:5      | Found a staircase to the Ecumenical Temple.
  4721 | D:5      | Found a blossoming altar of Fedhas.
  5111 | D:6      | Reached skill level 5 in Axes
  5164 | D:6      | Reached *** piety under Trog
  5266 | D:6      | Reached skill level 9 in Fighting
  5354 | D:6      | Reached XP level 9. HP: 98/98 MP: 9/9
  5906 | D:6      | Found a glowing golden altar of the Shining One.
  5906 | D:6      | Found a bloodstained altar of Trog.
  6514 | D:7      | Found a runed translucent door.
  6521 | D:7      | Reached skill level 10 in Fighting
  6679 | D:7      | Noticed a troll
  6680 | D:7      | Noticed a green ugly thing
  6748 | D:7      | Found a hazy altar of Hepliaklqana.
  6801 | D:7      | Noticed a manticore
  6808 | D:7      | Killed a manticore
  6818 | D:7      | Reached skill level 11 in Fighting
  6818 | D:7      | Reached XP level 10. HP: 51/113 MP: 10/10
  6959 | D:7      | Noticed a purple ugly thing
  6978 | D:7      | Killed a purple ugly thing
  6979 | D:7      | Killed a purple ugly thing
  7027 | D:7      | Identified the +3 scale mail of Immorality {rF+}
  7047 | D:7      | Identified the +0 robe of Dust Devil {Dex+2}
  7100 | D:7      | Noticed a cyclops
  7106 | D:7      | Killed a cyclops
  7355 | D:7      | HP: 2/115 [troll (11)]
  7356 | D:7      | Slain by a troll

Illustrated notes

Levels and vault maps discovered:
D:1:      dpeg_arrival_three_same_balls, layout_basic, hex_intersection
D:2:      minmay_diamond_boxcup, layout_loops_corners,
          chequers_ecumenical_altar_simple, serial_shops, shop,
          minmay_rat_gold_closets
D:3:      layout_loops_corners
D:4:      layout_rooms
D:5:      layout_rooms, kennysheep_little_box, minmay_temple_entry_glass,
          minmay_bent
D:6:      layout_basic, nicolae_overflow_two_pavilions
D:7:      minmay_the_grid_four_pointed_star
          [minmay_the_grid_triangle_9x9_subtriangle,
          minmay_the_grid_triangle_9x9_zippers_horizontal,
          minmay_the_grid_triangle_9x9_descending_squares,
          minmay_the_grid_triangle_9x9_swiss_cheese,
          minmay_the_grid_prize_trominoes], layout_rooms, kennysheep_mini

Skill      XL: |  1  2  3  4  5  6  7  8  9 10 |
---------------+-------------------------------+-----
Maces & Flails | 3 |  3.4
Dodging        | 3 4 5 6 7 8 |  8.4
Fighting       | 5 6 7 9 11 | 11.7
Axes           | 2 3 4 5 7 8 |  8.2

Action                   |  1- 3 |  4- 6 |  7- 9 | 10-12 || total
-------------------------+-------+-------+-------+-------++-------
Melee: Mace              |    89 |    46 |       |       ||   135
       Punch             |     1 |       |     4 |       ||     5
       War axe           |       |    52 |   113 |    13 ||   178
Invok: Berserk           |     1 |     2 |     7 |     2 ||    12
       Trog's Hand       |       |     1 |     4 |     2 ||     7
  Use: Scroll            |       |       |     7 |       ||     7
       Potion            |       |       |       |     1 ||     1
 Stab: Sleeping          |     1 |     2 |     2 |       ||     5
Armor: Animal skin       |    23 |    39 |    34 |       ||    96
       Robe              |       |       |       |     2 ||     2
Dodge: Dodged            |    45 |    85 |   145 |    12 ||   287

Table legend: (Time is in decaauts)
 A = Elapsed time spent in this place.
 B = Non-inter-level travel time spent in this place.
 C = Inter-level travel time spent in this place.
 D = Time resting spent in this place.
 E = Time spent auto-exploring this place.
 F = Levels seen in this place.
 G = Mean time per level.
                   A        B        C        D        E       F      G
               +--------+--------+--------+--------+--------+-----+--------+
         Total |   7670 |   7505 |    165 |   2069 |   4355 |   7 | 1095.7 |
       Dungeon |   7670 |   7505 |    165 |   2069 |   4355 |   7 | 1095.7 |
               +--------+--------+--------+--------+--------+-----+--------+

Top non-repeatable levels by time:
     D:6: 1546 daAuts
     D:2: 1223 daAuts
     D:4: 1174 daAuts
     D:5: 1156 daAuts
     D:3: 1046 daAuts
     D:7: 905 daAuts
     D:1: 616 daAuts
